 Dungeon Crawl Stone Soup version 0.27-a0-1312-g5cdb2b3542 (webtiles) character file.

Game seed: 3687552559414127608

17 dickylongcocking the Insei (level 2, -1/18 HPs)
             Began as an Octopode Transmuter on June 20, 2021.
             Slain by a kobold (4 damage)
             ... on level 1 of the Dungeon.
             The game lasted 00:00:19 (783 turns).

dickylongcocking the Insei (Octopode Transmuter)     Turns: 783, Time: 00:00:19

Health: -1/18      AC:  1    Str:  9    XL:     2   Next: 62%
Magic:  4/5        EV: 13    Int: 15    God:
Gold:   6          SH:  0    Dex: 12    Spells: 4/5 levels left

rFire    + . .     SeeInvis .     - Unarmed
rCold    + . .     Faith    .   (no shield)
rNeg     . . .     Spirit   .   (helmet currently unavailable)
rPois    +         Reflect  .   (no amulet)
rElec    +         Harm     .   (no ring)
rCorr    +         Rampage  .   (no ring)
Will     .....                  (no ring)
Stlth    ++........             (no ring)
HPRegen  0.06/turn              (no ring)
MPRegen  0.09/turn              (no ring)
                                (no ring)
                                (no ring)

@: appendages (expiring), resistant, attractive
A: tentacle spike 3, almost no armour, amphibious, 8 rings, camouflage 1,
gelatinous body 1, (nimble swimmer 1), tentacles
a: End Transformation


You were on level 1 of the Dungeon.
One of your tentacles had grown a beastly spike.
You visited 1 branch of the dungeon, and saw 1 of its levels.

You collected 6 gold pieces.

Inventory:

Jewellery
 c - an amulet of guardian spirit
Scrolls
 a - a scroll of teleportation {unknown}
 b - a scroll of enchant weapon {unknown}


   Skills:
 + Level 1.1 Fighting
 + Level 2.2 Dodging
 + Level 3.4 Unarmed Combat
 + Level 2.1 Spellcasting
 + Level 2.1 Transmutations


You had 4 spell levels left.
You knew the following spells:

 Your Spells              Type           Power      Damage    Failure   Level
a - Beastly Appendage     Tmut           16%        N/A       9%          1

Your spell library contained the following spells:

 Spells                   Type           Power      Damage    Failure   Level
 Wereblood                Tmut           8%         N/A       14%         2
 Spider Form              Tmut/Pois      2%         N/A       38%         3
 Ice Form                 Ice/Tmut       4%         N/A       80%         4


Dungeon Overview and Level Annotations

Branches:
Dungeon (1/15)

Altars:


Innate Abilities, Weirdness & Mutations

One of your tentacles has grown a beastly spike.
You cannot wear most types of armour.
You are amphibious.
You can wear up to eight rings at the same time.
Your skin changes colour to match your surroundings (Stealth+).
Your rubbery body absorbs attacks. (AC +1, EV +1)
((You are camouflaged near water. (Stealth+)))
You have tentacles for arms and can constrict up to eight enemies at once.


Message History

The kobold shouts!
You hear a bark!
A hobgoblin comes into view.
A jackal comes into view.
There are monsters nearby!
There are monsters nearby!
A goblin comes into view. It is wielding a +0 club.
The endoplasm freezes you.
You are frozen.
The rat misses you.
The goblin moves out of view.
One of your tentacles grows a vicious spike.
The endoplasm freezes you.
You are frozen.
The rat misses you.
You tentacle-slap the endoplasm but do no damage.
The endoplasm closely misses you. The rat bites you.
You tentacle-slap the rat.
You kill the rat!
The endoplasm completely misses you.
Your transformation is almost over.
The endoplasm freezes you.
You are frozen.
The kobold hits you with a +0 whip.
* * * LOW HITPOINT WARNING * * *
A jackal comes into view.
You see here a rat corpse.
You are too injured to fight recklessly!
You are too injured to fight recklessly!
A jackal comes into view.
The endoplasm closely misses you.
Unknown command.
It was a potion of resistance.
You feel protected.
The jackal barks! x2; You hear a bark!
The endoplasm jiggles.
The endoplasm closely misses you. The kobold closely misses you.
It was a potion of attraction.
You feel attractive to monsters. The endoplasm misses you.
The kobold barely misses you. The jackal is pulled toward you! x2
You tentacle-slap the endoplasm. You squeeze the endoplasm.
You kill the endoplasm!
A jackal comes into view.
The kobold hits you with a +0 whip.
You die...

.
#.#..#+#####........#
#.#..# #####....#
#.#..# ########...)#
#.#... ............#
#..# #########...#
#... #...# ##.#
##########...#
#...K........#
#..@.........#
#..hh........#
............####
......(.......#
..........#####
..........#
..........#
##...h..###


You could see 3 jackals and a kobold.

Vanquished Creatures
  4 ball pythons (D:1)
  3 endoplasms (D:1)
  A giant cockroach (D:1)
  A goblin (D:1)
  A quokka (D:1)
  A frilled lizard (D:1)
  2 kobolds (D:1)
  3 rats (D:1)
16 creatures vanquished.

Notes
Turn   | Place    | Note
-------+----------+-------------------------------------------
     0 | D:1      | dickylongcocking the Octopode Transmuter began the quest
                  | for the Orb.
     0 | D:1      | Reached XP level 1. HP: 13/13 MP: 3/3
   544 | D:1      | Reached XP level 2. HP: 18/18 MP: 3/5
   783 | D:1      | Slain by a kobold

Illustrated notes

Levels and vault maps discovered:
D:1:      dpeg_arrival_signposts, layout_basic,
          shapermc_ecumenical_altar_mp_highgroup

Action                   || total
-------------------------++-------
Melee: Unarmed           ||    27
       Constrict         ||    10
       Kick              ||     6
       Tentacles         ||     3
 Cast: Beastly Appendage ||    11
  Use: Potion            ||     2
Armor: Skin              ||     2
Dodge: Dodged            ||    29

Table legend: (Time is in decaauts)
 A = Elapsed time spent in this place.
 B = Non-inter-level travel time spent in this place.
 C = Inter-level travel time spent in this place.
 D = Time resting spent in this place.
 E = Time spent auto-exploring this place.
 F = Levels seen in this place.
 G = Mean time per level.
                   A        B        C        D        E       F      G
               +--------+--------+--------+--------+--------+-----+--------+
         Total |    781 |    781 |      0 |    134 |    567 |   1 |  781.0 |
       Dungeon |    781 |    781 |      0 |    134 |    567 |   1 |  781.0 |
               +--------+--------+--------+--------+--------+-----+--------+

Top non-repeatable levels by time:
     D:1: 781 daAuts
